 Dungeon Crawl Stone Soup version 0.14.2 (webtiles) character file.

388 inmateoo the Shield-Bearer (level 6, -1/38 HPs)
             Began as a Gargoyle Fighter on Feb 8, 2018.
             Killed by divine providence
             ... invoked by an orc priest
              (15 damage)
             ... on Level 5 of the Dungeon.
             The game lasted 00:05:42 (3337 turns).

inmateoo the Shield-Bearer (Gargoyle Fighter)       Turns: 3337, Time: 00:05:42

HP  -1/38        AC 13     Str 21      XL: 6   Next: 30%
MP   6/6         EV  7     Int  9      God:
Gold 102         SH 19     Dex  9      Spells:  0 memorised,  5 levels left

rFire  . . .     SeeInvis .     a - +0 flail
rCold  . . .     Clarity  .     b - +0 scale mail
rNeg   + . .     Conserve .     c - +0 shield
rPois  +         rCorr    .     (no helmet)
rElec  +         rRot     +     r - +1 cloak
SustAb . .       Spirit   .     (no gloves)
rMut   .         Warding  .     (no boots)
Gourm  +         Rnd*Tele +     f - amulet of the gourmand
MR     .....                    g - ring of wizardry
                                j - cursed ring of teleportation

@: not resistant to hostile enchantments, extremely unstealthy
A: life protection 1, electricity resistance, unbreathing, petrification
resistance, AC +4
a: Evoke Teleportation


You were on level 5 of the Dungeon.
You were full.

You visited 1 branch of the dungeon, and saw 5 of its levels.
You also visited: Sewer.

You collected 102 gold pieces.

Inventory:

Hand weapons
 a - a +0,+0 flail (weapon)
 n - a +0,+0 whip
Armour
 b - a +0 scale mail (worn)
 c - a +0 shield (worn)
 r - a +1 cloak (worn)
Magical devices
 y - a wand of draining (6)
Comestibles
 d - 3 bread rations
 t - an apple
 u - a pear
 v - 9 grapes
 w - an apricot
Scrolls
 h - 2 scrolls of magic mapping
 o - a scroll of amnesia
 s - 2 scrolls of enchant armour
 B - a scroll of teleportation
Jewellery
 f - an amulet of the gourmand (around neck)
 g - a ring of wizardry (right hand)
 j - a cursed ring of teleportation (left hand)
 l - an uncursed ring of fire
 m - an uncursed ring of ice
Potions
 e - a potion of might
 i - 2 potions of curing
 k - 3 potions of heal wounds
 p - a potion of flight {unknown}
 q - 4 potions of haste {unknown}
 x - a potion of cure mutation {unknown}
 z - a potion of confusion {unknown}
 C - a potion of agility {unknown}
 D - 2 potions of brilliance {unknown}
 E - a potion of magic {unknown}


   Skills:
 + Level 4.1 Fighting
 * Level 4.8 Maces & Flails
 + Level 4.1 Armour
 + Level 4.9 Shields


You had 5 spell levels left.
You didn't know any spells.

Dungeon Overview and Level Annotations

Branches:
Dungeon (5/15)
 Temple: D:4-7

Altars:
Fedhas
Sif Muna

Shops:
D:5 :

Annotations:
D:2 exclusion: oklob plant
D:4 Grinder, Pikel


Innate Abilities, Weirdness & Mutations

You are resistant to torment.
You are immune to poison.
You are immune to rotting.
Your stone body is very resilient (AC +4).
You resist negative energy.
You are resistant to electric shocks.
You can survive without breathing.
You are immune to petrification.


Message History

* * * LOW HITPOINT WARNING * * *
You sock the worm!
You kill the worm!
You start resting.
Your surroundings suddenly seem different.
You start resting.
Your surroundings suddenly seem different.
The slave shouts!
An orc priest comes into view.
It is wielding a morningstar. 2 orcs come into view.
The orc shouts!
An orc comes into view. It is wielding a whip.
An orc priest comes into view. It is wielding a runed trident.
The orc shouts!
The orc priest shouts!
A giant mite comes into view.
A crimson imp comes into view.
The crimson imp shouts!
The orc priest invokes the aid of Beogh against you.
Something smites you!
You die...

+#.. .# .#. .... ......
..... .. .... ..?...
.#..... ......##.#..##
........s...5.+ .....#@.#
#....#o.# #....#..#
...#....#..# .
.....#....#o.#
.####..........#o.#..#..
....#....................
....#.####.....#........
......#........#.#....##


You could see an orc priest, a crimson imp, a giant mite and 2 orcs.

Vanquished Creatures
  2 big fish (D:2)
  Jessica (D:2)
  Ijyb (D:3)
  Terence (D:2)
  A green rat (D:4)
  4 adders
  3 worms
  A giant eyeball (D:4)
  4 giant geckos
  2 oozes
  3 orcs (D:3)
  30 ball pythons
  4 bats
  8 goblins
  9 hobgoblins
  10 jackals
  6 kobolds
  5 giant cockroaches
  6 giant newts
  A quokka (D:2)
  11 rats
113 creatures vanquished.

Notes
Turn   | Place    | Note
--------------------------------------------------------------
     0 | D:1      | inmateoo, the Gargoyle Fighter, began the quest for the Orb.
     0 | D:1      | Reached XP level 1. HP: 14/14 MP: 1/1
   247 | D:1      | Reached XP level 2. HP: 19/19 MP: 2/2
   677 | D:2      | Reached XP level 3. HP: 23/23 MP: 3/3
   845 | D:2      | Noticed Terence
  1099 | D:2      | Noticed Jessica
  1115 | D:2      | Killed Jessica
  1115 | D:2      | Reached skill level 4 in Shields
  1115 | D:2      | Reached XP level 4. HP: 24/29 MP: 4/4
  1350 | D:2      | Found a blossoming altar of Fedhas.
  1676 | D:2      | Noticed an oklob plant
  1841 | D:2      | Reached XP level 5. HP: 20/33 MP: 5/5
  1973 | D:2      | Killed Terence
  2346 | D:3      | Found a deep blue altar of Sif Muna.
  2415 | D:3      | Noticed Ijyb
  2437 | D:3      | Killed Ijyb
  2921 | D:4      | Reached XP level 6. HP: 38/38 MP: 6/6
  2957 | D:4      | Found a glowing drain.
  2978 | D:4      | Noticed Grinder
  2990 | D:4      | Noticed a slave
  2991 | D:4      | Noticed a slave
  2992 | D:4      | Noticed Pikel
  2992 | D:4      | Noticed a slave
  2993 | D:4      | Noticed a slave
  3033 | Sewer    | Entered a sewer
  3220 | D:4      | Paralysed by Grinder for 6 turns
  3235 | D:5      | Entered Level 5 of the Dungeon
  3240 | D:5      | Found Ohuekas' Book Shop.
  3337 | D:5      | Killed from afar by an orc priest

Action                   |  1- 3 |  4- 6 || total
-------------------------+-------+-------++-------
Melee: Flail             |   150 |   281 ||   431
 Abil: Evoke Teleportati |       |     1 ||     1
Evoke: Wand              |       |     1 ||     1
  Use: Scroll            |     5 |     3 ||     8
